Map: 워터폴

Players

trigger

  • Race: Protoss Protoss
  • Spawn Location: 1:00

Bunny - Winner!

  • Race: Terran Terran
  • Spawn Location: 7:00

Event: DreamHack SC2 Masters 2022 Atlanta (Offline)

VOD

Have the link to the VOD?

Description

Time

  • Played on: Nov. 19, 2022, 9:49 a.m.
  • Length: 11:11

All games in this series

Show
View Real Time Build Order
Export as new Build Order

trigger Protoss 

Build Orders: 1 Gate Expand, Blink Stalkers 

Get SALT Encoding   

  12  0:00  Probe  
  13  0:12  Probe  
  14  0:16  Pylon  
  14  0:24  Probe (Chrono Boost)  
  16  0:36  Probe (Chrono Boost)  
  16  0:37  Gateway  
  16  0:43  Probe (Chrono Boost)  
  16  0:48  Assimilator  
  17  0:51  Probe  
  18  1:03  Probe  
  19  1:15  Probe  
  20  1:24  Cybernetics Core  
  20  1:33  Nexus  
  20  1:36  Probe  
  21  1:43  Pylon  
  21  1:50  Assimilator  
  21  1:52  Probe  
  22  1:59  Adept (Chrono Boost)  
  22  2:04  Warp Gate, Probe  
  25  2:16  Probe  
  25  2:18  Stalker (Chrono Boost)  
  28  2:28  Probe  
  29  2:30  Twilight Council  
  29  2:42  Probe (Chrono Boost)  
  30  2:44  Stalker  
  30  2:47  Probe (Chrono Boost)  
  33  2:56  Probe (Chrono Boost)  
  33  2:57  Probe (Chrono Boost)  
  35  2:58  Gateway  
  35  3:03  Probe  
  35  3:04  Probe  
  37  3:08  Blink (Chrono Boost)  
  37  3:15  Probe  
  37  3:16  Probe  
  39  3:25  Robotics Facility  
  39  3:27  Probe  
  39  3:28  Probe  
  39  3:33  Pylon  
  41  3:40  Probe  
  41  3:41  Probe  
  43  3:52  Probe  
  43  3:53  Probe  
  45  4:02  Nexus  
  45  4:04  Probe  
  45  4:05  Pylon  
  45  4:09  Stalker  
  48  4:11  Stalker  
  48  4:14  Observer (Chrono Boost), Probe  
  52  4:17  Probe  
  52  4:20  Assimilator  
  52  4:23  Assimilator  
  53  4:26  Probe  
  53  4:29  Probe  
  55  4:34  Observer  
  55  4:36  Stalker x2  
  60  4:40  Shield Battery  
  60  4:45  Gateway, Probe  
  59  4:47  Probe  
  60  4:57  Robotics Bay, Probe  
  62  5:08  Shield Battery  
  62  5:09  Gateway  
  62  5:13  Immortal (Chrono Boost)  
  65  5:21  Adept x2, Shield Battery  
  63  5:42  Stalker x2  
  67  5:43  Immortal  
  61  5:57  Probe x2  
  61  5:58  Stalker  
  61  6:00  Probe  
  66  6:06  Stalker  
  66  6:09  Probe  
  67  6:16  Probe  
  64  6:24  Probe (Chrono Boost)  
  66  6:25  Pylon  
  66  6:28  Probe (Chrono Boost)  
  67  6:33  Pylon  
  67  6:34  Probe (Chrono Boost)  
  67  6:36  Probe (Chrono Boost)  
  67  6:39  Charge (Chrono Boost)  
  69  6:40  Probe (Chrono Boost), Pylon  
  69  6:41  Colossus (Chrono Boost)  
  75  6:50  Pylon  
  75  6:51  Zealot x4  
  83  6:55  Probe  
  83  7:00  Shield Battery  
  84  7:02  Probe x2  
  84  7:04  Extended Thermal Lance  
  84  7:07  Probe  
  87  7:11  Zealot x3  
  87  7:14  Probe, Pylon  
  93  7:21  Probe, Pylon  
  93  7:22  Probe  
  95  7:23  Colossus (Chrono Boost)  
  101  7:33  Pylon  
  101  7:37  Pylon  
  101  7:39  Sentry  
  101  7:41  Zealot x2, Sentry  
  109  7:57  Observer  
  109  8:03  Gateway  
  107  8:07  Colossus (Chrono Boost)  
  107  8:08  Gateway  
  107  8:09  Zealot x4  
  113  8:12  Gateway  
  106  8:32  Pylon  
  106  8:33  Zealot x4, Gateway  
  93  8:42  Probe x3  
  88  8:54  Zealot x4  
  98  9:08  Shield Battery, Zealot x3  
  88  9:17  Zealot x4  
  94  9:29  Zealot  
  94  9:30  Zealot x2  
  90  9:39  Zealot  
  90  9:40  Zealot x3  
  78  9:48  Immortal (Chrono Boost)  
  74  9:56  Pylon  
  74  9:58  Templar Archives  
  74  9:59  Probe x2  
  76  10:01  Nexus  
  74  10:07  Pylon x2  
  74  10:18  Zealot x2  
  74  10:19  Probe  
  79  10:37  Nexus  
  79  10:38  High Templar x4  
  79  10:39  High Templar x2  
  79  10:40  Zealot  
  79  10:42  Archon x2  
  93  10:43  Archon  
  93  10:47  Pylon  
  93  10:49  Pylon  
  77  11:01  Zealot  
  77  11:02  Zealot  
Show
View Real Time Build Order
Export as new Build Order

Bunny Terran - Winner!

Build Orders:  

Get SALT Encoding   

  12  0:00  SCV  
  13  0:12  SCV  
  14  0:17  Supply Depot  
  14  0:24  SCV  
  15  0:38  SCV  
  15  0:40  Barracks  
  15  0:42  Refinery  
  16  0:50  SCV  
  16  0:52  Refinery  
  17  1:02  SCV  
  18  1:06  Supply Depot  
  18  1:14  SCV  
  19  1:27  Reaper  
  19  1:28  Orbital Command  
  20  1:42  Factory  
  20  1:53  SCV  
  21  2:03  Barracks Reactor  
  21  2:05  SCV  
  22  2:17  SCV  
  22  2:20  Command Center  
  23  2:26  Hellion  
  23  2:29  SCV  
  26  2:32  Supply Depot  
  26  2:40  Marine x2  
  26  2:41  SCV  
  29  2:50  Factory Tech Lab  
  29  2:53  Starport  
  29  2:54  SCV  
  29  2:57  Marine  
  31  3:00  Marine  
  32  3:06  SCV  
  32  3:10  Cyclone  
  36  3:18  SCV  
  37  3:20  Marine x2  
  39  3:32  Medivac  
  39  3:33  Orbital Command  
  41  3:38  Marine x2  
  43  3:44  Siege Tank  
  43  3:46  SCV  
  45  3:52  Supply Depot  
  45  3:55  Marine x2  
  45  4:00  SCV x2  
  48  4:03  Liberator  
  51  4:13  Marine x2  
  51  4:15  Supply Depot, SCV  
  51  4:16  SCV  
  55  4:25  Siege Tank  
  55  4:28  SCV  
  55  4:29  SCV  
  60  4:31  Marine x2  
  62  4:42  SCV  
  62  4:43  SCV  
  64  4:47  Barracks, Starport Tech Lab  
  64  4:48  Barracks  
  64  4:49  Marine x2  
  66  4:56  Supply Depot  
  66  4:58  Siege Tank  
  68  5:06  SCV x2  
  68  5:07  Marine x2  
  70  5:18  SCV x2  
  70  5:19  Starport Reactor  
  71  5:24  Marine  
  71  5:25  Marine  
  73  5:30  SCV x2  
  73  5:31  Siege Tank  
  73  5:33  Engineering Bay, Refinery  
  73  5:34  Supply Depot  
  78  5:45  Bunker  
  78  5:46  Barracks Tech Lab  
  78  5:54  Marine  
  78  5:55  Marine x2  
  73  6:00  SCV x2  
  72  6:04  Marine  
  69  6:12  SCV x2, Marine x2  
  69  6:13  Marine  
  69  6:14  Stimpack, Combat Shield  
  74  6:19  Barracks  
  74  6:22  Marine  
  74  6:24  SCV x2  
  74  6:25  Barracks  
  74  6:26  Refinery  
  74  6:29  Terran Infantry Weapons Level 1  
  74  6:31  Marine  
  74  6:32  Marine x2  
  75  6:39  Supply Depot  
  75  6:40  Supply Depot, Marine  
  75  6:43  Siege Tank  
  79  6:49  SCV x2  
  79  6:50  Marine  
  79  6:51  Marine x2  
  83  6:56  Medivac  
  83  6:58  Marine  
  86  7:02  Supply Depot x2  
  86  7:08  Marine x4  
  87  7:10  Medivac  
  92  7:15  Marine  
  92  7:16  Marine  
  92  7:20  Siege Tank  
  96  7:25  Supply Depot x2, Marine  
  96  7:26  Supply Depot, Marine x3  
  100  7:30  Medivac  
  100  7:33  Marine  
  100  7:34  Marine  
  104  7:40  Medivac  
  104  7:43  Marine  
  104  7:44  Marine x3  
  110  7:53  Siege Tank, Marauder  
  110  7:54  Marine  
  116  8:01  Supply Depot, Marine  
  116  8:02  Marauder  
  119  8:13  Marine  
  119  8:14  Marauder, Marine x2  
  119  8:19  Medivac, Marine  
  124  8:23  Terran Infantry Armor Level 1  
  124  8:24  Medivac, Marauder  
  128  8:31  Marine x2  
  130  8:36  Marauder  
  130  8:37  Siege Tank  
  133  8:46  Marauder  
  133  8:47  Marine x2  
  137  8:49  Marine x2  
  137  8:54  Medivac  
  140  8:57  Marauder  
  140  9:07  Medivac, Marauder  
  140  9:08  Supply Depot x2  
  138  9:19  Marauder  
  138  9:20  Barracks Reactor, Barracks Tech Lab  
  140  9:28  Marauder  
  140  9:29  Marine x2  
  125  9:40  Marine  
  125  9:42  Marauder  
  113  9:46  Siege Tank  
  113  9:47  Marine x2  
  113  9:49  Medivac x2  
  113  9:50  Marauder  
  124  9:57  Marine  
  120  10:03  Marauder  
  120  10:04  Marine x2  
  122  10:11  Marauder  
  124  10:17  Marauder  
  124  10:18  Siege Tank  
  124  10:19  Medivac, Marine x2  
  133  10:25  Marauder  
  133  10:28  Concussive Shells  
  135  10:34  Marauder  
  137  10:35  Marine  
  137  10:39  Marauder  
  140  10:43  Marine x3  
  140  10:46  Marauder  
Tags
 
Add a new tag
Caveats
  • Supply blocks, unpowered buildings, or Contaminate may cause inaccurate times.
  • Supply counts are checked every 10 seconds.